 Dungeon Crawl Stone Soup version 0.25-a0-1079-g858b6a6ff6 (webtiles) character file.

Game seed: 3158862842490984174, levelgen mode: classic

3 Amnesiac the Ducker (level 1, -2/12 HPs)
             Began as a Deep Elf Gladiator on May 16, 2020.
             Slain by a worker ant (7 damage)
             ... on level 2 of the Dungeon.
             The game lasted 00:00:32 (342 turns).

Amnesiac the Ducker (Deep Elf Gladiator)             Turns: 342, Time: 00:00:33

Health: -2/12      AC:  4    Str: 11    XL:     1   Next: 41%
Magic:  3/3        EV: 13    Int: 12    God:
Gold:   15         SH:  0    Dex: 16    Spells: 0/0 levels left

rFire    . . .     SeeInvis .   a - +0 quarterstaff
rCold    . . .     Gourm    .   (shield currently unavailable)
rNeg     . . .     Faith    .   b - +0 leather armour
rPois    .         Spirit   .   c - +0 helmet
rElec    .         Reflect  .   (no cloak)
rCorr    .         Harm     .   (no gloves)
MR       .....                  (no boots)
Stlth    +.........             (no amulet)
HPRegen  0.04/turn              (no ring)
MPRegen  0.08/turn              (no ring)

@: no status effects
A: no striking features
a: no special abilities


You were on level 2 of the Dungeon.
You were not hungry.

You visited 1 branch of the dungeon, and saw 2 of its levels.

You collected 15 gold pieces.

Inventory:

Hand Weapons
 a - a +0 quarterstaff (weapon)
Missiles
 d - a throwing net (quivered)
Armour
 b - a +0 leather armour (worn)
 c - a +0 helmet (worn)
Scrolls
 e - a scroll of remove curse {!r, unknown}
Comestibles
 f - a ration


   Skills:
 - Level 1.5 Fighting
 * Level 3.1 Staves
 - Level 2.0 Throwing
 + Level 0.2 Armour
 - Level 3.6 Dodging


You couldn't memorise any spells.
You didn't know any spells.
Your spell library was empty.

Dungeon Overview and Level Annotations

Branches:
Dungeon (2/15)

Altars:


Message History

Aim: a kobold, wielding a +0 dagger and quivering 5 stones You throw a throwing net.
The throwing net hits the kobold.
The kobold is caught in the net!
The kobold struggles against the net.
The kobold struggles against the net.
The kobold struggles against the net.
The kobold struggles against the net. x2
You hit the kobold.
The kobold is moderately wounded.
The kobold struggles against the net.
The net rips apart, and the kobold comes free!
The kobold hits you with a +0 dagger.
You hit the kobold.
You kill the kobold!
No target in view!
No target in view!
Things that are here:
a +0 dagger; 5 stones; a kobold corpse
d - a throwing net You see here a mace.
You now have 15 gold pieces.
HP restored.
A kobold comes into view. It is wielding a +0 dagger.
The kobold shouts!
The kobold throws a stone.
The stone hits you but does no damage.
You see here a stone.
A kobold is nearby!
A kobold is nearby!
The kobold throws a stone.
The stone barely misses you.
The kobold throws a stone.
The stone closely misses you.
The kobold throws a stone.
The stone barely misses you.
Throwing (i - inventory)
d - a throwing net (quivered)
Press: ? - help, Shift-Dir - straight line, f - kobold
Aim: a kobold, wielding a +0 dagger and quivering a stone You throw a throwing net.
The throwing net barely misses the kobold.
The kobold throws a stone.
The stone hits you but does no damage.
You barely miss the kobold. The kobold hits you but does no damage.
You closely miss the kobold.
The kobold hits you with a cursed +0 dagger.
All of the chunks of flesh in your inventory have rotted away.
You hit the kobold but do no damage. The kobold barely misses you.
You hit the kobold.
You kill the kobold!
No target in view!
No target in view!
Things that are here:
a cursed +0 dagger; a kobold corpse
d - a throwing net
Found 33 stones.
A worker ant comes into view.
A worker ant is nearby!
A worker ant is nearby!
You hit the worker ant.
The worker ant is lightly wounded.
The worker ant closely misses you.
You closely miss the worker ant.
The worker ant is lightly wounded.
The worker ant bites you.
Ouch! That really hurt!
* * * LOW HITPOINT WARNING * * *
You closely miss the worker ant.
The worker ant is lightly wounded.
The worker ant misses you. The worker ant bites you!
Ouch! That really hurt!
You die...

#.##########.#
#............# #.#
#.############ #.#
#.(...... #.#
#.####### #.# #.#
#.# #.# #.# #.#
#a#
#.##############@#
#................#
##################


You could see a worker ant.

Vanquished Creatures
  A bat (D:1)
  3 kobolds
4 creatures vanquished.

Notes
Turn   | Place    | Note
-------+----------+-------------------------------------------
     0 | D:1      | Amnesiac the Deep Elf Gladiator began the quest for the
                  | Orb.
     0 | D:1      | Reached XP level 1. HP: 12/12 MP: 3/3
   338 | D:2      | Noticed a worker ant
   342 | D:2      | Slain by a worker ant

Illustrated notes

Levels and vault maps discovered:
D:1:      co_arrival_random_square_maze, layout_loops_corners
D:2:      layout_basic, lemuel_doored_altar, chequers_ecumenical_altar_twisty,
          first_ration, uniq_jessica, uniq_robin, uniq_natasha, uniq_terence

Action                   || total
-------------------------++-------
Melee: Quarterstaff      ||    12
Throw: Throwing net      ||     4
Armor: Leather armour    ||     2
Dodge: Dodged            ||     8

Table legend:
 A = Non-vault XP
 B = Vault XP
 C = Vault XP percentage of total XP
 D = Non-vault monster count
 E = Vault monster count
 F = Vault count percentage of total count
                 A         B        C        D         E       F
            +---------+---------+-------+---------+---------+-------
      Total |       5 |       0 |   0.0 |       4 |       0 |   0.0
            +---------+---------+-------+---------+---------+-------
        D:1 |       2 |       0 |   0.0 |       2 |       0 |   0.0
        D:2 |       3 |       0 |   0.0 |       2 |       0 |   0.0
            +---------+---------+-------+---------+---------+-------
